 Dungeon Crawl Stone Soup version 0.21-a0-286-g6fcecc0 (webtiles) character file.

25300 tidbits the Black Belt (level 12, -7/110 HPs)
             Began as a Green Draconian Monk on Sept 26, 2017.
             Was a High Priest of Makhleb.
             Mangled by a deep troll (15 damage)
             ... on level 2 of the Orcish Mines.
             The game lasted 01:09:17 (7489 turns).

tidbits the Black Belt (Green Draconian Monk)       Turns: 7489, Time: 01:09:18

Health: -7/110     AC: 11    Str: 15    XL:     12   Next: 88%
Magic:  17/17      EV: 18    Int: 22    God:    Makhleb [*****.]
Gold:   810        SH:  0    Dex: 14    Spells: 11/11 levels left

rFire    . . .     SeeInvis +     - Unarmed
rCold    . . .     Gourm    .   (no shield)
rNeg     . . .     Faith    .   (armour unavailable)
rPois    +         Spirit   .   (helmet restricted)
rElec    .         Reflect  .   C - +2 cloak
rCorr    .         Harm     +   (no gloves)
MR       .....                  (no boots)
Stlth    ++........             q - amulet of harm
HPRegen  0.28/turn              G - +6 ring of intelligence
MPRegen  0.15/turn              I - ring of see invisible

@: short of breath
A: breathe noxious fumes, unfitting armour, stinger 1, poison resistance, strong
1, evolution 1, cold-blooded, AC +8
a: Breathe Noxious Fumes, Minor Destruction, Lesser Servant of Makhleb, Major
Destruction, Greater Servant of Makhleb, Renounce Religion


You were on level 2 of the Orcish Mines.
You worshipped Makhleb.
Makhleb was extremely pleased with you.
You were hungry.

You visited 2 branches of the dungeon, and saw 15 of its levels.
You also visited: Labyrinth, Sewer and Ossuary.

You collected 1121 gold pieces.
You spent 311 gold pieces at shops.

Inventory:

Hand Weapons
 d - a +1 dagger of venom
   (You took it off a goblin on level 3 of the Dungeon)
 g - a +0 blowgun
Missiles
 c - 16 stones (quivered)
 k - 64 poisoned needles
 p - 138 arrows
 E - a throwing net {!f}
 P - 12 javelins
Armour
 C - a +2 cloak (worn)
Jewellery
 q - an amulet of harm (around neck)
   (You found it in an ossuary)
 G - a +6 ring of intelligence (left hand)
   (You found it on level 6 of the Dungeon)
 I - a ring of see invisible (right hand)
   (You found it on level 12 of the Dungeon)
Wands
 O - a wand of lightning (7/15)
 W - a wand of iceblast (4/15)
 X - a wand of confusion (20/48)
 Y - a wand of random effects (12/48)
 Z - a wand of random effects (23/48)
Scrolls
 e - 2 scrolls of recharging
 m - 2 scrolls of fog
 o - 3 scrolls of noise {unknown}
 r - 5 scrolls of remove curse
 t - a scroll of enchant weapon {unknown}
 u - 5 scrolls of amnesia
 v - a scroll of magic mapping
 w - a scroll of torment {unknown}
 y - a scroll of vulnerability {unknown}
 H - a scroll of random uselessness {unknown}
 M - a scroll of fear {unknown}
 N - a scroll of blinking
 R - 7 scrolls of teleportation
Potions
 b - a potion of ambrosia {unknown}
 f - 2 potions of agility
 h - a potion of brilliance
 l - 2 potions of heal wounds
 n - 2 potions of magic
 s - 3 potions of curing
 x - 4 potions of haste
 z - a potion of lignification
 A - 4 potions of flight
Books
 Q - a book of Flames
   (You found it on level 10 of the Dungeon)

   Spells                             Type                      Level
   a - Flame Tongue                   Conjuration/Fire             1
   b - Throw Flame                    Conjuration/Fire             2
   c - Conjure Flame                  Conjuration/Fire             3
   d - Inner Flame                    Hexes/Fire                   3
   e - Sticky Flame                   Conjuration/Fire             4
   f - Fireball                       Conjuration/Fire             5
 T - a book of Summonings
   (You found it in a labyrinth)

   Spells                             Type                      Level
   a - Recall                         Summoning/Translocation      3
   b - Aura of Abjuration             Summoning                    5
   c - Summon Demon                   Summoning                    5
   d - Summon Forest                  Summoning/Translocation      5
   e - Summon Mana Viper              Hexes/Summoning              5
   f - Shadow Creatures               Summoning                    6
 U - the Catalogue of Execration
   (You found it in a labyrinth)

   Spells                             Type                      Level
   a - Confusing Touch                Hexes                        1
   b - Portal Projectile              Hexes/Translocation          3
   c - Yara's Violent Unravelling     Hexes/Transmutation          5
   d - Summon Mana Viper              Hexes/Summoning              5
   e - Silence                        Hexes/Air                    5
Comestibles
 a - 4 bread rations
 i - 6 chunks of flesh
 B - 3 meat rations
 J - 3 royal jellies


   Skills:
 + Level 11.5 Fighting
 + Level 9.5 Dodging
 - Level 1.7 Stealth
 * Level 15.1 Unarmed Combat
 - Level 7.0 Invocations


You had 11 spell levels left.
You didn't know any spells.

Dungeon Overview and Level Annotations

Branches:
Dungeon (13/15)              Lair (0/6) D:10            Orc (2/2) D:10
    Elf (0/3) Orc:2
 Temple: D:4-7       Vaults: D:13-14

Altars:
Fedhas
Gozag
Makhleb
Qazlal

Shops:
D:4 =   D:10 ?   D:11 (   D:12 =   Orc:1 *

Annotations:
D:3 exclusion: downstairs, Grinder
D:12 exclusion: cyclops, Rupert


Innate Abilities, Weirdness & Mutations

You can breathe blasts of noxious fumes.
Your lurid green scales are hard. (AC +8)
You cannot fit into any form of body armour.
Your system is resistant to poisons. (rPois)
You are cold-blooded and may be slowed by cold attacks.
Your tail ends in a poisonous barb.
Your muscles are strong. (Str +2)
You evolve.


Message History

You barely miss the ogre mage.
The ogre mage is almost dead.
Your ufetubus barely misses the ogre mage.
Your ufetubus hits the ogre mage but does no damage.
The ogre mage completely misses your ufetubus.
The cyclops throws a large rock.
The large rock hits the ogre mage!!
The ogre mage dies!
Your ynoxinul hits the cyclops.
Unknown command.
A troll and a deep troll come into view.
The deep troll shouts!
You hear a shout! x2
Your ynoxinul barely misses the cyclops.
Your ufetubus hits the cyclops but does no damage. x2
Items here: ( ))))) [ †† You punch the cyclops!
You tail-slap the cyclops.
The cyclops is poisoned.
The cyclops is heavily wounded.
The cyclops hits you!!
Your ufetubus hits the cyclops. x2
You hear a shout!
You hit the cyclops. You punch the cyclops.
The cyclops is severely wounded.
You hear a shout!
Your ynoxinul disappears in a puff of smoke!
Your ufetubus disappears in a puff of smoke! x8
You punch the cyclops!
You kill the cyclops!
Makhleb accepts your kill.
You feel better.
You pummel the troll!!
The troll is severely wounded.
You barely miss the troll.
The troll is severely wounded.
The troll barely misses you. The troll claws you!
The troll claws you but does no damage.
You punch the troll!
You tail-slap the troll, but do no damage.
The troll is almost dead.
The troll misses you. x2; The troll claws you but does no damage.
You punch the troll!
You kill the troll!
Makhleb accepts your kill.
You feel better.
An orc comes into view.
You barely miss the deep troll.
You tail-slap the deep troll, but do no damage.
The deep troll barely misses you. The deep troll closely misses you.
The deep troll claws you!
A demon appears!
The deep troll barely misses you. The deep troll claws you.
* * * LOW HITPOINT WARNING * * *
The deep troll claws you but does no damage.
Okay, then.
You hit the deep troll. Your punch misses the deep troll.
The deep troll is lightly wounded.
The deep troll bites you!
* * * LOW HITPOINT WARNING * * *
The deep troll misses you. The deep troll claws you!
* * * LOW HITPOINT WARNING * * *
Some of the chunks of flesh in your inventory have rotted away.
You swap places.
Your hellwing hits the deep troll.
Your hellwing completely misses the deep troll.
The deep troll bites your hellwing! The deep troll claws your hellwing.
The deep troll claws your hellwing but does no damage.
Press: ? - help, Shift-Dir - straight line You exhale a blast of noxious fumes.
The blast of choking fumes hits your hellwing.
Your hellwing completely resists.
Your hellwing is moderately wounded.
The blast of choking fumes hits the deep troll.
The deep troll is lightly wounded.
The blast of choking fumes hits the orc.
You kill the orc!
Makhleb accepts your kill.
You feel better.
You feel somewhat more hungry.
Your hellwing hits the deep troll but does no damage.
Your hellwing hits the deep troll.
The deep troll is engulfed in noxious fumes.
The deep troll appears confused.
What are your orders? t - Shout!
Orders for allies: a - Attack new target. r - Retreat! s - Stop attacking. g - Guard the area. f - Follow me.
Anything else - Cancel.
Gang up on whom?
Press: ? - help, Dir - move target cursor, f - deep troll
Aim: a deep troll (noxious fumes, moderately wounded, confused) Attack!
The deep troll is engulfed in noxious fumes.
Things that are here:
3 large rocks; a cyclops corpse You hit the deep troll but do no damage.
You tail-slap the deep troll.
The deep troll is moderately wounded.
Your hellwing hits the deep troll.
Your hellwing hits the deep troll but does no damage.
You hit the deep troll but do no damage.
The deep troll is heavily wounded.
The deep troll seems less confused.
The deep troll bites you!!
* * * LOW HITPOINT WARNING * * *
The deep troll barely misses you. The deep troll claws you!
You die...

...............##
###...... #...........).#
## #......
##........)..###.##
##.....
#....##...#).#....#
##......
#...###...##.$....#
##....... .C.O.##
#...#..)))#### ##........
..O..
##..##..4)#..###.........
)(O..
....##(.#((...#.........
##...
##..##.T@(...............
##.#
######.##)...)...#....<.
## ###.#......#.....##
#...............##
##.#...........##.
####.#.........##
##.##...........
###...#...........
####..#.#............


You could see a deep troll and a friendly hellwing.

Vanquished Creatures
  A minotaur (Lab)
  Josephine (Orc:1)
  A hydra (D:11)
  An ogre mage (Orc:2)
  9 two-headed ogres
  The ghost of tidbits the Magician, a novice DrNe of Uskayaw (D:12)
  An orc high priest (Orc:2)
  Sonja (D:10)
  An unseen horror (D:12)
  An orc knight (Orc:1)
  An orc sorcerer (Orc:2)
  3 ugly things (D:11)
  3 cyclopes
  Psyche (D:9)
  The ghost of nikopol the Chopper, an amateur MiBe of Trog (Sewer)
  9 trolls
  The ghost of tidbits the Insei, an amateur DgTm (D:6)
  A hippogriff (D:10)
  5 yaks (D:10)
  A wraith (Orc:1)
  A hungry ghost (D:9)
  3 wargs
  A water moccasin (D:6)
  3 ice beasts
  7 orc warriors
  A phantom (D:8)
  15 ogres
  3 centaurs
  2 big kobolds
  2 bullfrogs
  A gnoll sergeant (D:5)
  A wyvern zombie (D:10)
  6 scorpions
  10 killer bees
  2 wights (D:8)
  3 howler monkeys
  An electric eel (D:12)
  A bullfrog zombie (D:5)
  2 crimson imps
  A human zombie (Ossuary)
  A quasit (D:11)
  2 centaur zombies
  8 hounds
  3 centaur skeletons
  10 orc priests
  A jelly (D:11)
  A bullfrog skeleton (D:9)
  4 iguanas
  Crazy Yiuf (D:3)
  Natasha (D:3)
  5 worker ants
  16 orc wizards
  3 big kobold zombies (Ossuary)
  A hound skeleton (D:6)
  A mummy (Ossuary)
  A howler monkey zombie (D:10)
  2 scorpion zombies (Ossuary)
  7 adders
  8 gnolls
  3 shadow imps
  3 adder skeletons
  A worm (D:2)
  A dart slug (D:2)
  3 leopard geckos
  55 orcs
  3 ball pythons (Sewer)
  3 bats
  2 giant cockroaches
  2 goblins
  2 hobgoblins
  26 jackals
  13 kobolds
  A quokka (D:8)
  9 frilled lizards
  3 goblin zombies (Ossuary)
  3 hobgoblin zombies (Ossuary)
  A jackal zombie (D:8)
  4 kobold zombies (Ossuary)
  A rat (D:3)
  5 plants (Sewer)
330 creatures vanquished.

Vanquished Creatures (collateral kills)
  Urug (Orc:1)
  An orc knight (Orc:2)
  5 wraiths
  An ogre (Orc:2)
  5 orc warriors
  6 scorpions
  A centaur zombie (Ossuary)
  A human zombie (Ossuary)
  An orc wizard (Orc:1)
  2 big kobold zombies (Ossuary)
  2 mummies (Ossuary)
  An adder (D:9)
  A scorpion zombie (Ossuary)
  A leopard gecko (D:11)
  10 orcs
  A gnoll zombie (Ossuary)
  A goblin zombie (Ossuary)
41 creatures vanquished.

Vanquished Creatures (others)
  An ogre mage (Orc:2)
  A fungus (D:3)
2 creatures vanquished.

Grand Total: 373 creatures vanquished

Notes
Turn   | Place    | Note
-------+----------+-------------------------------------------
     0 | D:1      | tidbits the Draconian Monk began the quest for the Orb.
     0 | D:1      | Reached XP level 1. HP: 19/19 MP: 1/1
    30 | D:1      | Reached XP level 2. HP: 26/26 MP: 2/2
   103 | D:4      | Noticed an ogre
   114 | D:3      | Reached skill level 4 in Unarmed Combat
   224 | D:2      | Reached XP level 3. HP: 21/31 MP: 3/3
   242 | D:2      | Found a faded altar of an unknown god.
   302 | D:2      | Found a burning altar of Makhleb.
   304 | D:2      | Noticed a green death
   308 | D:2      | Noticed a neqoxec
   308 | D:2      | Noticed a neqoxec
   310 | D:2      | Became a worshipper of Makhleb the Destroyer
   310 | D:2      | Reached * piety under Makhleb
   310 | D:2      | Reached ** piety under Makhleb
   420 | D:3      | Noticed Grinder
   470 | D:3      | Reached skill level 1 in Invocations
   470 | D:3      | Reached XP level 4. HP: 38/38 MP: 3/5
   520 | D:3      | Found a runed door.
   524 | D:3      | Noticed Crazy Yiuf
   528 | D:3      | HP: 2/38 [Crazy Yiuf/quarterstaff of chaos (16)]
   530 | D:3      | Killed Crazy Yiuf
   530 | D:3      | Reached skill level 2 in Invocations
   774 | D:4      | Found a glowing drain.
   789 | Sewer    | Entered a sewer
   792 | Sewer    | Noticed nikopol's ghost (amateur MiBe)
   803 | Sewer    | Reached skill level 5 in Unarmed Combat
   922 | Sewer    | Reached XP level 5. HP: 36/45 MP: 6/6
  1206 | Sewer    | HP: 4/45 [nikopol's ghost (9)]
  1211 | Sewer    | Killed nikopol's ghost
  1211 | Sewer    | Reached skill level 6 in Unarmed Combat
  1211 | Sewer    | Reached skill level 3 in Invocations
  1211 | Sewer    | Reached XP level 6. HP: 11/51 MP: 6/8
  1547 | D:4      | Reached *** piety under Makhleb
  1547 | D:4      | Reached skill level 4 in Invocations
  1547 | D:4      | Your scales start taking on a lurid green colour.
  1547 | D:4      | Reached XP level 7. HP: 33/57 MP: 8/10
  1547 | D:4      | Gained mutation: Your system is resistant to poisons. (rPois) [Green Draconian growth]
  1577 | D:4      | Reached skill level 7 in Unarmed Combat
  1784 | D:4      | Found Cudopp's Jewellery Boutique.
  1806 | D:3      | Noticed Natasha
  1817 | D:3      | Killed Natasha
  1923 | D:5      | Entered Level 5 of the Dungeon
  1974 | D:5      | Found an opulent altar of Gozag.
  2100 | D:5      | Reached skill level 3 in Dodging
  2151 | D:5      | Found a sand-covered staircase.
  2156 | Ossuary  | Entered an ossuary
  2179 | Ossuary  | Reached skill level 8 in Unarmed Combat
  2291 | Ossuary  | Reached skill level 4 in Fighting
  2291 | Ossuary  | Reached XP level 8. HP: 59/66 MP: 11/11
  2345 | Ossuary  | Gained mutation: You evolve. [potion of mutation]
  2345 | Ossuary  | Gained mutation: Your muscles are strong. (Str +2) [potion of mutation]
  2390 | Ossuary  | Reached **** piety under Makhleb
  2677 | D:5      | Reached skill level 9 in Unarmed Combat
  2680 | D:5      | Reached skill level 4 in Dodging
  2814 | D:5      | Reached skill level 5 in Fighting
  3027 | D:6      | Noticed tidbits's ghost (amateur DgTm)
  3040 | D:6      | Killed tidbits's ghost
  3040 | D:6      | Reached XP level 9. HP: 72/75 MP: 12/12
  3149 | D:6      | Reached ***** piety under Makhleb
  3158 | D:6      | Reached skill level 6 in Fighting
  3158 | D:6      | Reached skill level 10 in Unarmed Combat
  3282 | D:7      | Reached skill level 5 in Dodging
  3286 | D:7      | Found a stormy altar of Qazlal.
  3298 | D:8      | Noticed a two-headed ogre
  3343 | D:8      | Killed a two-headed ogre
  3343 | D:8      | Reached skill level 5 in Invocations
  3510 | D:10     | Entered Level 10 of the Dungeon
  3511 | D:10     | Found a staircase to the Orcish Mines.
  3562 | D:10     | Reached skill level 7 in Fighting
  3562 | D:10     | Reached skill level 11 in Unarmed Combat
  3567 | D:10     | Reached XP level 10. HP: 60/86 MP: 14/14
  3662 | D:10     | Reached skill level 6 in Invocations
  3734 | D:9      | Noticed Psyche
  3744 | D:9      | Killed Psyche
  3770 | D:9      | Found a burning altar of Makhleb.
  3873 | D:9      | Reached skill level 6 in Dodging
  4370 | D:10     | Found a blossoming altar of Fedhas.
  4453 | D:10     | HP: 4/88 [ogre/giant club (25)]
  4540 | D:10     | Noticed Sonja
  4555 | D:10     | Found Xofoleju's Magic Scroll Shop.
  4564 | D:10     | Bought a scroll of blinking for 105 gold pieces
  4564 | D:10     | Bought a scroll of magic mapping for 49 gold pieces
  4564 | D:10     | Bought 3 scrolls of identify for 84 gold pieces
  4564 | D:10     | Bought a scroll of identify for 28 gold pieces
  4582 | D:10     | Killed Sonja
  4582 | D:10     | Reached skill level 8 in Fighting
  4582 | D:10     | Reached skill level 7 in Invocations
  4658 | D:10     | Found a staircase to the Lair.
  4712 | Orc:1    | Entered Level 1 of the Orcish Mines
  4715 | Orc:1    | Reached skill level 12 in Unarmed Combat
  4917 | D:11     | Noticed a two-headed ogre
  4927 | D:11     | Killed a two-headed ogre
  4927 | D:11     | Reached XP level 11. HP: 78/95 MP: 16/16
  5053 | D:11     | Noticed a two-headed ogre
  5062 | D:11     | Killed a two-headed ogre
  5062 | D:11     | Reached skill level 7 in Dodging
  5071 | D:11     | Noticed a six-headed hydra
  5091 | D:11     | Killed a six-headed hydra
  5135 | D:12     | Noticed Rupert
  5309 | D:13     | Found a labyrinth entrance.
  5315 | Lab      | Entered a labyrinth
  5450 | Lab      | Noticed a minotaur
  5480 | Lab      | Killed a minotaur
  5480 | Lab      | Reached skill level 9 in Fighting
  5482 | Lab      | Got a twisted mace {drain}
  5502 | Lab      | Identified the Catalogue of Execration
  5511 | Lab      | Identified the +6 mace of Saltpetre {drain, Int+2} (You took it off a minotaur in a labyrinth)
  5543 | D:12     | Killed an unseen horror
  5543 | D:12     | Reached skill level 13 in Unarmed Combat
  5638 | D:12     | Found Mehirche's Jewellery Emporium.
  5639 | D:12     | Noticed tidbits's ghost (novice DrNe)
  5672 | D:12     | Gained mutation: Your tail ends in a poisonous barb. [evolution]
  5694 | D:12     | Killed tidbits's ghost
  5825 | D:11     | Found Deckio's Weapon Boutique.
  5866 | D:11     | Noticed a brown ugly thing
  5866 | D:11     | Noticed a white ugly thing
  5872 | D:11     | Noticed a green ugly thing
  5893 | D:11     | Killed a red ugly thing
  5898 | D:11     | Killed a red ugly thing
  5906 | D:11     | Killed a white ugly thing
  5970 | D:11     | Noticed a two-headed ogre
  5983 | D:11     | Killed a two-headed ogre
  5983 | D:11     | Reached skill level 8 in Dodging
  6237 | Orc:1    | Noticed an orc knight
  6253 | Orc:1    | Reached skill level 10 in Fighting
  6272 | Orc:1    | Noticed Josephine
  6275 | Orc:1    | Killed an orc knight
  6426 | Orc:1    | Noticed Urug
  6605 | Orc:1    | Killed Josephine
  6605 | Orc:1    | Reached XP level 12. HP: 78/106 MP: 17/17
  6756 | Orc:1    | Found Xiutwim's General Store.
  6767 | Orc:1    | Bought a scroll of teleportation for 45 gold pieces
  6789 | Orc:1    | Killed Urug
  6789 | Orc:1    | Reached skill level 14 in Unarmed Combat
  6845 | Orc:2    | Entered Level 2 of the Orcish Mines
  6857 | Orc:2    | Found a staircase to the Elven Halls.
  6864 | Orc:2    | Noticed an orc high priest
  6960 | Orc:2    | Killed an orc high priest
  7299 | Orc:2    | Noticed a two-headed ogre
  7303 | Orc:2    | Noticed an ogre mage
  7318 | Orc:2    | Killed a two-headed ogre
  7326 | Orc:2    | Noticed a two-headed ogre
  7336 | Orc:2    | Killed a two-headed ogre
  7336 | Orc:2    | Reached skill level 9 in Dodging
  7344 | Orc:2    | Reached skill level 11 in Fighting
  7381 | Orc:2    | Noticed a two-headed ogre
  7384 | Orc:2    | Noticed a two-headed ogre
  7386 | Orc:2    | Noticed a two-headed ogre
  7397 | Orc:2    | Killed a two-headed ogre
  7399 | Orc:2    | Killed a two-headed ogre
  7419 | Orc:2    | Killed a two-headed ogre
  7419 | Orc:2    | Reached skill level 15 in Unarmed Combat
  7443 | Orc:2    | Killed an ogre mage
  7449 | Orc:2    | Noticed an ogre mage
  7468 | Orc:2    | Killed an ogre mage
  7489 | Orc:2    | HP: 8/110 [deep troll (22)]
  7489 | Orc:2    | Mangled by a deep troll

Vault maps used:
D:1:      lemuel_arrival_river_ford
D:2:      dancing_weapons_uskayaw, nicolae_overflow_crystal_walls,
          gammafunk_temple_overflow_wave, chequers_ecumenical_altar_island,
          makhleb_altar_promises_db
D:3:      first_bread, serial_bayou_ford_a, uniq_grinder,
          uniq_crazy_yiuf_cottage, uniq_natasha
D:4:      portal_sewer_entry_d, serial_shops, shop, grunt_decor_cap
D:5:      enter_ossuary_5, nicolae_gozag_cash_rules_everything_around_me
D:6:      basic_altar
D:7:      lemuel_round_altar, minmay_temple_entry_nine_rooms,
          nicolae_qazlal_general_emergency
D:9:      kennysheep_mini, special_room, uniq_psyche, uniq_joseph
D:10:     lair_entry_dummy, orc_0_dummy, serial_shops,
          nicolae_shop_behind_doors, basic_altar, uniq_sonja
D:11:     serial_shops, shop
D:12:     serial_shops, shop, uniq_rupert
D:13:     hangedman_vaults_entry_quadrant_bands, lab_entry_generic,
          hangedman_little_slice_of_home
Orc:1:    serial_shops, nicolae_shop_trees, uniq_josephine, uniq_urug
Orc:2:    st_orc_open
Lab:      nicolae_lab_dead_adventurers, lab_block, nicolae_lab_swirl,
          nicolae_lab_checkerboard, labyrinth_skeletal_remains
Sewer:    sewer_co_scattered_pipes
Ossuary:  ossuary_minmay_scorpions

Skill      XL: |  1  2  3  4  5  6  7  8  9 10 11 12 |
---------------+-------------------------------------+-----
Unarmed Combat | 4 5 6 8 9 11 12 13 15 | 15.1
Invocations    | 1 2 3 4 5 7 |  7.0
Dodging        | 3 4 5 6 8 9 |  9.5
Fighting       | 4 5 7 8 10 11 | 11.5
Stealth        | |  1.7

Action                   |  1- 3 |  4- 6 |  7- 9 | 10-12 || total
-------------------------+-------+-------+-------+-------++-------
Melee: Unarmed           |    73 |   338 |   377 |   469 ||  1257
       Tailslap          |     7 |    52 |    46 |    61 ||   166
       Punch             |     1 |     6 |    12 |    29 ||    48
       Dagger            |       |       |     9 |       ||     9
 Fire: Blowgun           |       |       |       |    48 ||    48
Throw: Stone             |       |       |     4 |       ||     4
Invok: Minor Destruction |       |     1 |       |     5 ||     6
       Lesser Servant of |       |       |     3 |    19 ||    22
 Abil: Breathe Noxious F |       |       |    19 |    53 ||    72
Evoke: Wand              |       |       |       |    16 ||    16
  Use: Scroll            |       |     2 |    12 |     9 ||    23
       Potion            |       |     6 |     2 |     3 ||    11
 Stab: Sleeping          |     5 |       |     3 |       ||     8
       Confused          |       |       |    11 |    16 ||    27
       Distracted        |       |       |     2 |     3 ||     5
  Eat: Chunk             |       |     3 |     9 |    20 ||    32
       Fruit             |       |       |     2 |     2 ||     4
       Royal jelly       |       |       |       |     1 ||     1
Armor: Skin              |    15 |    30 |    96 |   131 ||   272
Dodge: Dodged            |    41 |    97 |   182 |   302 ||   622

Table legend:
 A = Spawn XP
 B = Non-spawn XP
 C = Spawn XP percentage of total XP
 D = Spawn monster count
 E = Non-spawn monster count
 F = Spawn count percentage of total count
 G = Total turns spent on level
                    A         B        C        D         E        F      G
               +---------+---------+-------+---------+---------+-------+---------
         Total |       0 |   36144 |   0.0 |       0 |     367 |   0.0 |  7489
               +---------+---------+-------+---------+---------+-------+---------
           D:1 |       0 |      13 |   0.0 |       0 |       1 |   0.0 |    27
           D:2 |       0 |      31 |   0.0 |       0 |      13 |   0.0 |   214
           D:3 |       0 |     157 |   0.0 |       0 |      16 |   0.0 |   555
           D:4 |       0 |     419 |   0.0 |       0 |      22 |   0.0 |   414
           D:5 |       0 |     575 |   0.0 |       0 |      18 |   0.0 |   485
           D:6 |       0 |     965 |   0.0 |       0 |      22 |   0.0 |   347
           D:7 |       0 |     362 |   0.0 |       0 |       7 |   0.0 |   127
           D:8 |       0 |    1984 |   0.0 |       0 |      27 |   0.0 |   388
           D:9 |       0 |     694 |   0.0 |       0 |      12 |   0.0 |   295
          D:10 |       0 |    3745 |   0.0 |       0 |      47 |   0.0 |  1143
          D:11 |       0 |    6014 |   0.0 |       0 |      30 |   0.0 |   486
          D:12 |       0 |    2041 |   0.0 |       0 |       7 |   0.0 |   468
          D:13 |       0 |     147 |   0.0 |       0 |       1 |   0.0 |    27
         Orc:1 |       0 |    4463 |   0.0 |       0 |      37 |   0.0 |   566
         Orc:2 |       0 |   12421 |   0.0 |       0 |      47 |   0.0 |   621
           Lab |       0 |    1071 |   0.0 |       0 |       1 |   0.0 |   200
         Sewer |       0 |     368 |   0.0 |       0 |      25 |   0.0 |   713
       Ossuary |       0 |     674 |   0.0 |       0 |      34 |   0.0 |   413
               +---------+---------+-------+---------+---------+-------+---------

Table legend:
 A = Turns spent in this place as a percentage of turns spent in the entire game.
 B = Non-inter-level travel turns spent in this place as a percentage of non-inter-level travel turns spent in the entire game.
 C = Inter-level travel turns spent in this place as a percentage of turns spent in this place.
 D = Turns resting spent in this place as a percentage of non-inter-level travel turns spent in this place.
 E = Turns spent auto-exploring this place as a percentage of non-inter-level travel turns spent in this place.
 F = Non-inter-level travel turns spent in this place divided by the number of levels of this place that you've seen.
                   A       B       C       D       E      F
               +-------+-------+-------+-------+-------+----------------------
         Total | 100.0 | 100.0 |   4.4 |   0.0 |   0.0 | 397.7
       Dungeon |  66.4 |  65.5 |   5.8 |   0.0 |   0.0 | 360.6
  Orcish Mines |  15.8 |  16.0 |   3.6 |   0.0 |   0.0 | 572.0
     Labyrinth |   2.7 |   2.8 |   0.0 |   0.0 |   0.0 | 200.0
         Sewer |   9.5 |  10.0 |   0.0 |   0.0 |   0.0 | 713.0
       Ossuary |   5.5 |   5.8 |   0.0 |   0.0 |   0.0 | 413.0
               +-------+-------+-------+-------+-------+----------------------

Table legend:
 A = Kills in this place as a percentage of kills in entire the game.
 B = Kills by you in this place as a percentage of kills by you in the entire game.
 C = Kills by friends in this place as a percentage of kills by friends in the entire game.
 D = Other kills in this place as a percentage of other kills in the entire game.
 E = Experience gained in this place as a percentage of experience gained in the entire game.
 F = Experience gained in this place divided by the number of levels of this place that you have seen.
                   A       B       C       D       E      F
               +-------+-------+-------+-------+-------+----------------------
         Total | 100.0 | 100.0 | 100.0 | 100.0 | 100.0 | 2008.0
       Dungeon |  60.8 |  66.0 |  17.1 |  71.4 |  47.4 | 1319.0
  Orcish Mines |  22.9 |  19.2 |  48.8 |  28.6 |  46.7 | 8442.0
     Labyrinth |   0.3 |   0.3 |   0.0 |   0.0 |   3.0 | 1071.0
         Sewer |   6.8 |   8.0 |   0.0 |   0.0 |   1.0 | 368.0
       Ossuary |   9.3 |   6.4 |  34.1 |   0.0 |   1.9 | 674.0
               +-------+-------+-------+-------+-------+----------------------

Vault maps used:
D:1:      lemuel_arrival_river_ford
D:2:      dancing_weapons_uskayaw, nicolae_overflow_crystal_walls,
          gammafunk_temple_overflow_wave, chequers_ecumenical_altar_island,
          makhleb_altar_promises_db
D:3:      first_bread, serial_bayou_ford_a, uniq_grinder,
          uniq_crazy_yiuf_cottage, uniq_natasha
D:4:      portal_sewer_entry_d, serial_shops, shop, grunt_decor_cap
D:5:      enter_ossuary_5, nicolae_gozag_cash_rules_everything_around_me
D:6:      basic_altar
D:7:      lemuel_round_altar, minmay_temple_entry_nine_rooms,
          nicolae_qazlal_general_emergency
D:9:      kennysheep_mini, special_room, uniq_psyche, uniq_joseph
D:10:     lair_entry_dummy, orc_0_dummy, serial_shops,
          nicolae_shop_behind_doors, basic_altar, uniq_sonja
D:11:     serial_shops, shop
D:12:     serial_shops, shop, uniq_rupert
D:13:     hangedman_vaults_entry_quadrant_bands, lab_entry_generic,
          hangedman_little_slice_of_home
Orc:1:    serial_shops, nicolae_shop_trees, uniq_josephine, uniq_urug
Orc:2:    st_orc_open
Lab:      nicolae_lab_dead_adventurers, lab_block, nicolae_lab_swirl,
          nicolae_lab_checkerboard, labyrinth_skeletal_remains
Sewer:    sewer_co_scattered_pipes
Ossuary:  ossuary_minmay_scorpions
